 Dungeon Crawl Stone Soup version 0.31.0-12-g77e489cdc1 (webtiles) character file.

Game seed: 7489056996417154460

1464 Gadfly the Shooter (level 9, 0/53 HPs)
             Began as a Kobold Hunter on Feb 14, 2024.
             Succumbed to a gnoll sergeant's poison
             ... on level 6 of the Dungeon.
             The game lasted 00:13:36 (6510 turns).

Gadfly the Shooter (Kobold Hunter)                  Turns: 6510, Time: 00:13:36

Health: 0/53       AC:  6    Str:  8    XL:     9   Next: 5%
Magic:  13/13      EV: 37    Int: 11    God:
Gold:   407        SH:  0    Dex: 22    Spells: 8/8 levels left

rFire   . . .        a - +1 shortbow
rCold   . . .        (shield currently unavailable)
rNeg    + . .        c - +1 leather armour
rPois   .            (no helmet)
rElec   .            o - +0 cloak
rCorr   .            (no gloves)
SInv    .            i - +0 pair of boots
Will    .....        m - amulet of the acrobat
Stlth   +++          g - +5 ring of evasion
HPRegen 0.28/turn    h - ring of positive energy
MPRegen 0.13/turn

%: acrobat
@: lethally poisoned (0 -> -21), about to teleport, acrobatic
A: small, no large weapons, nightstalker 3
a: no special abilities


You were on level 6 of the Dungeon.
You visited 1 branch of the dungeon, and saw 6 of its levels.
You also visited: Sewer.

You collected 407 gold pieces.

Inventory:

Hand Weapons
 a - a +1 shortbow (weapon)
 b - a +1 war axe of venom
 d - a +2 short sword of electrocution
 u - a +0 orcbow
Armour
 c - a +1 leather armour (worn)
 i - a +0 pair of boots (worn)
 o - a +0 cloak (worn)
Jewellery
 g - a +5 ring of evasion (left hand)
 h - a ring of positive energy (right hand)
 k - a ring of protection from cold
 m - an amulet of the acrobat (around neck)
Wands
 n - a wand of flame (6)
Scrolls
 e - 2 scrolls of vulnerability
 f - a scroll of revelation
 l - 3 scrolls of fog
 p - a scroll of identify
 t - 3 scrolls of enchant weapon
Potions
 j - a potion of cancellation


   Skills:
 + Level 4.8 Fighting
 + Level 7.5 Ranged Weapons
 + Level 5.1 Dodging
 - Level 1.3 Stealth
 * Level 5.9 Invocations
 * Level 6.6 Evocations


You had 8 spell levels left.
You didn't know any spells.
Your spell library contained the following spells:

 Spells                   Type           Power      Damage    Failure   Level
 Magic Dart               Conj           0%         1d3       45%         1
 Lesser Beckoning         Tloc           0%         N/A       61%         2
 Scorch                   Fire           0%         2d5       61%         2
 Searing Ray              Conj           0%         2d4       61%         2
 Gell's Gravitas          Tloc           0%         N/A       83%         3
 Teleport Other           Tloc           0%         N/A       83%         3
 Flame Wave               Conj/Fire      0%         2d4       99%         4
 Fulminant Prism          Conj/Alch      0%         3d5       99%         4
 Summon Cactus Giant      Summ           0%         N/A       100%        6


Dungeon Overview and Level Annotations

Branches:
Dungeon (6/15)             Temple (0/1) D:5           Sewer (visited)

Altars:
Dithmenos
Makhleb
Ru
Uskayaw

Shops:
D:2 (   D:6 [:


Innate Abilities, Weirdness & Mutations

You are small and have problems with some larger weapons.
You are completely attuned to the shadows.


Message History

You feel extremely sick. The gnoll sergeant misses you.
You are too injured to fight recklessly!
You are too injured to fight recklessly!
You are too injured to fight recklessly!
You are too injured to fight recklessly!
You are too injured to fight recklessly!
You are too injured to fight recklessly!
You are too injured to fight recklessly!
You are too injured to fight recklessly!
You are too injured to fight recklessly!
You are too injured to fight recklessly!
You are too injured to fight recklessly!
You are too injured to fight recklessly!
You are too injured to fight recklessly!
You are too injured to fight recklessly!
You are too injured to fight recklessly!
You are too injured to fight recklessly!
You are too injured to fight recklessly!
You are too injured to fight recklessly!
You are too injured to fight recklessly!
Unknown command.
Aiming: Throw Flame
Press: ? - help, Shift-Dir - straight line, f/p - gnoll sergeant
Aim: a gnoll sergeant, wielding a +0 spear of venom and wearing a +0 ring mail (severely wounded, 81% to hit)
The puff of flame misses the gnoll sergeant.
The puff of flame hits the gnoll.
The gnoll is moderately wounded.
You feel very sick.
The gnoll sergeant hits you from afar with a +0 spear of venom.
* * * LOW HITPOINT WARNING * * *
You are more poisoned.
Okay, then.
As you read the scroll of teleportation, it crumbles to dust.
You feel strangely unstable.
* * * LOW HITPOINT WARNING * * *
You feel very sick.
The gnoll sergeant hits you but does no damage.
Unknown command.
You die...

#(........#....#...............
....รท.......####...............
#..........### #...............
######....##.(h###...............
.......#######..##............>..
######## ##.##...............
#.(#..............#
g####.#.#...........##
Sgg..@..#####.#######
g######.......# #########


You could see a gnoll sergeant and a gnoll.

Vanquished Creatures
  A water moccasin (D:5)
  An ice beast (D:6)
  A black bear (D:6)
  A centaur (D:5)
  A phantom (D:6)
  Blork the orc (D:5)
  2 bullfrogs (Sewer)
  6 scorpions
  An orc priest (D:5)
  A bombardier beetle (D:5)
  A hound (D:4)
  An orc wizard (D:5)
  An iguana (D:4)
  12 gnolls
  11 adders
  3 ribbon worms
  11 dart slugs (Sewer)
  13 orcs
  13 ball pythons
  4 endoplasms
  12 giant cockroaches
  6 goblins
  5 hobgoblins
  6 jackals
  A quokka (D:1)
  3 bats (D:1)
  4 frilled lizards
  4 kobolds
  3 rats
130 creatures vanquished.

Notes
Turn   | Place    | Note
-------+----------+-------------------------------------------
     0 | D:1      | Gadfly the Kobold Hunter began the quest for the Orb.
     0 | D:1      | Reached XP level 1. HP: 12/12 MP: 1/1
   159 | D:1      | Reached XP level 2. HP: 13/18 MP: 2/2
   164 | D:1      | Reached skill level 1 in Evocations
   203 | D:1      | Reached skill level 1 in Invocations
   322 | D:1      | Reached XP level 3. HP: 14/22 MP: 3/3
  1009 | D:2      | HP: 1/22 [gnoll/+0 whip (9)]
  1023 | D:2      | HP: 1/22 [gnoll/+0 club (2)]
  1589 | D:2      | Reached XP level 4. HP: 27/27 MP: 5/5
  1590 | D:2      | Found Zuihep's Weapon Emporium.
  2295 | D:3      | Noticed a glass eye
  2296 | D:3      | Found a faded altar of an unknown god.
  2296 | D:3      | Noticed a glass eye
  2305 | D:3      | Noticed a glass eye
  2319 | D:3      | Noticed a great orb of eyes
  2360 | D:3      | Reached XP level 5. HP: 32/32 MP: 6/6
  2653 | D:3      | Reached skill level 6 in Ranged Weapons
  3028 | D:4      | Reached XP level 6. HP: 37/37 MP: 6/8
  4019 | D:5      | Entered Level 5 of the Dungeon
  4102 | D:5      | Reached XP level 7. HP: 41/41 MP: 9/9
  4178 | D:5      | Found a sacrificial altar of Ru.
  4247 | D:5      | Found a glowing drain.
  4295 | Sewer    | Entered a sewer
  5123 | D:5      | Reached skill level 5 in Evocations
  5123 | D:5      | Reached XP level 8. HP: 35/48 MP: 11/11
  5279 | D:5      | HP: 2/48 [something/puff of flame (2)]
  5433 | D:5      | Found a staircase to the Ecumenical Temple.
  5615 | D:5      | Noticed Blork the orc
  5629 | D:5      | Killed Blork the orc
  5630 | D:5      | Reached skill level 7 in Ranged Weapons
  5864 | D:5      | Reached skill level 5 in Invocations
  6030 | D:5      | Found a hide-covered altar of Uskayaw.
  6031 | D:5      | Found a burning altar of Makhleb.
  6031 | D:5      | Found a shadowy altar of Dithmenos.
  6230 | D:6      | Reached skill level 5 in Dodging
  6326 | D:6      | Found Piciyph's Antique Armour Shoppe.
  6416 | D:6      | Found Giadigh's Book Boutique.
  6438 | D:6      | Reached XP level 9. HP: 50/53 MP: 13/13
  6510 | D:6      | Succumbed to a gnoll sergeant's poison

Illustrated notes

Levels and vault maps discovered:
D:1:      orjb1_clovarrival, layout_loops_ring
D:2:      wad_lake_hut, layout_rooms, serial_shops, nicolae_shop_rolling_square,
          nrook_uturn, grunt_decor_resistance, hangedman_glass_teeth
D:3:      layout_loops_cross, hellmonk_ecumenical_altar_watching_god
D:4:      layout_basic, nrook_campfire
D:5:      layout_basic, minitemple, mainiacjoe_overflow_tiny_flanked,
          minmay_temple_entry_grid, gup_sewer_entry_glass, uniq_blork_the_orc
D:6:      layout_rooms, hellmonk_overflow_destroyed_library, serial_shops,
          nicolae_shop_mannequins, nicolae_book_shop_shelving, shop

Skill      XL: |  1  2  3  4  5  6  7  8 |
---------------+-------------------------+-----
Evocations     | 1 2 3 4 5 6 |  6.6
Invocations    | 1 2 3 4 5 |  5.9
Dodging        | 3 4 5 |  5.1
Fighting       | 3 4 |  4.8
Ranged Weapons | 6 7 |  7.5
Stealth        | |  1.3

Action                     |  1- 3 |  4- 6 |  7- 9 || total
---------------------------+-------+-------+-------++-------
  Melee: War axe           |    30 |       |     5 ||    35
         Dagger            |     2 |       |       ||     2
         Shortbow          |       |       |     4 ||     4
   Fire: Shortbow          |    35 |   140 |   219 ||   394
  Evoke: Wand              |       |       |     2 ||     2
    Use: Scroll            |     4 |    12 |     4 ||    20
         Potion            |     2 |       |     4 ||     6
   Stab: Sleeping          |     2 |       |       ||     2
 Armour: Leather armour    |    29 |    21 |    62 ||   112
  Dodge: Dodged            |    49 |    68 |   166 ||   283
